 Dungeon Crawl Stone Soup version 0.27-a0-1147-gb3d8e82157 (webtiles) character file.

Game seed: 5023937622623920828

11517 robertstho the Thaumaturge (level 11, -8/106 HPs)
             Began as a Djinni Fire Elementalist on May 11, 2021.
             Was an Initiate of Ru.
             Mangled by a manticore (18 damage)
             ... on level 12 of the Dungeon.
             The game lasted 00:16:58 (16697 turns).

robertstho the Thaumaturge (DjFE)                  Turns: 16697, Time: 00:16:58

Health: -8/106     AC: 11    Str:  5 (7)  XL:     11   Next: 79%
Gold:   684        EV: 14    Int: 18 (21) God:    Ru [......] SH:  0 Dex: 18 (19)

rFire    + + .     SeeInvis .   l - +1 dagger (venom)
rCold    x . .     Faith    .   (no shield)
rNeg     . . .     Spirit   .   J - +0 steam dragon scales
rPois    ∞         Reflect  .   c - +0 helmet
rElec    .         Harm     .   N - scarf {repulsion}
rCorr    .         Rampage  .   i - +0 pair of gloves
Will     +....                  (boots unavailable)
Stlth    ..........             (no amulet)
HPRegen  0.27/turn              M - +4 ring of protection
MPRegen  0.00/turn              u - +6 ring of dexterity

@: berserking, spiked, attractive, flying, repel missiles, very quick
A: sickness immunity, fire resistance 2, cold vulnerability 1, float, innate
caster, hp casting, extra vitality 1
a: Renounce Religion, Sacrifice Love, Sacrifice Experience, Sacrifice Purity,
Reject Sacrifices


You were on level 12 of the Dungeon.
You worshipped Ru.
Ru was noncommittal.
You visited 2 branches of the dungeon, and saw 13 of its levels.

You collected 684 gold pieces.

Inventory:

Hand Weapons
 d - a +0 short sword
 l - a +1 dagger of venom (weapon)
 n - a +1 morningstar of draining
Missiles
 h - 2 throwing nets
 v - 4 atropa-tipped darts
 C - a curare-tipped dart
Armour
 c - a +0 helmet (worn)
 i - a +0 pair of gloves (worn)
 J - +0 steam dragon scales (worn)
 N - a scarf of repulsion (worn)
Jewellery
 e - a +4 ring of evasion
 t - a ring of positive energy
 u - a +6 ring of dexterity (right hand)
 M - a +4 ring of protection (left hand)
Wands
 b - a wand of flame (51)
 H - a wand of iceblast (4)
Scrolls
 a - a scroll of vulnerability {unknown}
 k - 3 scrolls of enchant weapon {unknown}
 m - 2 scrolls of summoning
 o - 4 scrolls of fear {unknown}
 p - 2 scrolls of fog {unknown}
 r - 4 scrolls of magic mapping {unknown}
 y - 4 scrolls of teleportation
 z - a scroll of enchant armour {unknown}
 D - a scroll of brand weapon {unknown}
 E - a scroll of silence {unknown}
 I - 2 scrolls of noise {unknown}
Potions
 f - 4 potions of brilliance
 g - 2 potions of curing
 q - 2 potions of mutation
 s - 3 potions of cancellation
 w - a potion of lignification
 x - 3 potions of might
 G - a potion of degeneration
Miscellaneous
 A - a phantom mirror


   Skills:
 + Level 3.3 Fighting
 + Level 2.3 Short Blades
 + Level 5.0 Dodging
 + Level 5.3 Stealth
 + Level 12.9 Spellcasting
 * Level 5.1 Evocations


You had 5 spell levels left.
You knew the following spells:

 Your Spells              Type           Power      Damage    Failure   Level
a - Foxfire               Conj/Fire      100%       2x1d9     1%          1
b - Conjure Flame         Conj/Fire      55%        6-21      1%          3
c - Inner Flame           Hex/Fire       55%        N/A       1%          3
d - Sticky Flame          Conj/Fire      55%        2d7       1%          4
e - Fireball              Conj/Fire      27%        3d12      1%          5
f - Summon Small Mammal   Summ           100%       N/A       1%          1
g - Ensorcelled Hibernat  Hex/Ice        100%       N/A       1%          2
h - Stone Arrow           Conj/Erth      100%       3d13      1%          3
i - Cause Fear            Hex            27%        N/A       1%          4
j - Petrify               Tmut/Erth      55%        N/A       1%          4
Your spell library was empty.

Dungeon Overview and Level Annotations

Branches:
Dungeon (12/15)            Temple (1/1) D:7            Lair (0/6) D:8
    Orc (0/2) D:10

Altars:
Ashenzari
Cheibriados
Dithmenos
Elyvilon
Fedhas
Gozag
Hepliaklqana
Kikubaaqudgha
Makhleb
Nemelex Xobeh
Okawaru
Qazlal
Ru
Sif Muna
Trog
Uskayaw
Vehumet
Wu Jian
Xom
Yredelemnul
Zin
The Shining One

Annotations:
D:6 2 runed translucent doors


Innate Abilities, Weirdness & Mutations

You are immune to sickness and miasma.
You are immune to poison.
Your flesh is very heat resistant. (rF++)
You are vulnerable to cold. (rC-)
You float through the air rather than walking.
You learn spells naturally, not from books.
Your magical power is your life essence.
You have superior vitality. (+4 HP)


Message History

There was something very wrong with that liquid.
You feel weakened.
You feel dopey.
You feel clumsy.
The manticore flicks its tail.
The volley of spikes hits you.
The barbed spikes become lodged in your body.
* * * LOW HITPOINT WARNING * * *
It was a potion of attraction.
You feel attractive to monsters. The manticore is pulled toward you!
You feel better. The manticore bites you!
* * * LOW HITPOINT WARNING * * *
The manticore claws you but does no damage. x2
You feel better. The manticore bites you.
* * * LOW HITPOINT WARNING * * *
The manticore claws you but does no damage.
The manticore misses you.
You feel better. The manticore barely misses you.
The manticore closely misses you. The manticore completely misses you.
A red film seems to cover your vision as you go berserk!
You feel yourself moving faster!
You feel mighty! The manticore barely misses you. The manticore claws you.
* * * LOW HITPOINT WARNING * * *
The manticore claws you but does no damage.
You barely miss the manticore. The manticore bites you.
* * * LOW HITPOINT WARNING * * *
The manticore claws you but does no damage.
The manticore claws you!
* * * LOW HITPOINT WARNING * * *
You hit the manticore but do no damage.
The manticore is poisoned.
The manticore bites you but does no damage.
The manticore claws you but does no damage.
The manticore claws you.
* * * LOW HITPOINT WARNING * * *
You hit the manticore but do no damage.
The manticore looks even sicker.
The manticore is lightly wounded.
You hit the manticore but do no damage.
The manticore looks as sick as possible!
The manticore is lightly wounded.
The manticore bites you!!
You die...

#. #(# #...# #..#
#.##[######.## #..#
#.......#.....#####..#
#.^.....#.#.#.#...#..#
#......)....#........#
#.#..[.....##.......##
..###....#...†........#
.#.#.....##...........#
.#........<.....@.....#
#......#.....|..H...##
#........#####<.†?.##
####...(.# #.##.##
#>....# #.##†# .......#
#. #.# ##...#.# #. ..#
##.##.> ?. .## .#


You could see a manticore (extremely poisoned).

Vanquished Creatures
  A boulder beetle (D:10)
  A hydra (D:11)
  4 two-headed ogres
  A cyclops (D:8)
  2 unseen horrors (D:12)
  A troll (D:12)
  3 wraiths (D:11)
  2 yaks
  A steam dragon (D:9)
  5 vampire mosquitoes (D:12)
  An acid dragon (D:10)
  4 water moccasins
  6 orc warriors
  3 black bears (D:6)
  3 necrophages
  4 ogres
  An ice beast (D:4)
  7 centaurs
  2 kobold brigands
  2 bullfrogs
  2 scorpions
  9 killer bees
  A howler monkey (D:6)
  A crimson imp (D:7)
  A bullfrog zombie (D:6)
  A hound (D:4)
  6 orc priests
  5 centaur zombies
  2 bullfrog skeletons (D:6)
  2 centaur skeletons (D:7)
  An iguana (D:6)
  8 orc wizards
  A hound zombie (D:5)
  A gnoll (D:10)
  2 howler monkey skeletons
  4 adders
  A shadow imp (D:6)
  A white imp (D:7)
  An ufetubus (D:4)
  2 adder skeletons
  3 worms
  2 dart slugs
  34 orcs
  7 ball pythons
  9 bats
  8 endoplasms
  4 giant cockroaches
  9 goblins
  2 hobgoblins
  6 jackals
  3 quokkas
  2 frilled lizards (D:1)
  16 kobolds
  6 rats
  2 rat zombies (D:10)
219 creatures vanquished.

Vanquished Creatures (collateral kills)
  A sky beast (D:7)
1 creature vanquished.

Vanquished Creatures (others)
  588 foxfires
588 creatures vanquished.

Grand Total: 808 creatures vanquished

Notes
Turn   | Place    | Note
-------+----------+-------------------------------------------
     0 | D:1      | robertstho the Djinni Fire Elementalist began the quest for
                  | the Orb.
     0 | D:1      | Reached XP level 1. HP: 15/15 MP: 0/0
   574 | D:1      | Reached skill level 3 in Spellcasting
   574 | D:1      | Reached XP level 2. HP: 14/21 MP: 0/0
   702 | D:1      | Found a faded altar of an unknown god.
  1875 | D:2      | Reached XP level 3. HP: 23/25 MP: 0/0
  1875 | D:2      | Learned a level 1 spell: Summon Small Mammal
  3167 | D:3      | Reached XP level 4. HP: 20/31 MP: 0/0
  3168 | D:3      | Reached skill level 4 in Spellcasting
  4128 | D:3      | Noticed a scorpion
  4134 | D:3      | Killed a scorpion
  4135 | D:3      | Reached XP level 5. HP: 29/35 MP: 0/0
  4135 | D:3      | Learned a level 2 spell: Ensorcelled Hibernation
  4198 | D:3      | Found a sparkling altar of Nemelex Xobeh.
  4588 | D:4      | Noticed an ice beast
  4592 | D:4      | Killed an ice beast
  4593 | D:4      | Reached skill level 5 in Spellcasting
  4593 | D:4      | Reached XP level 6. HP: 3/40 MP: 0/0
  5146 | D:4      | Noticed a necrophage
  5155 | D:4      | Killed a necrophage
  5356 | D:4      | Reached skill level 6 in Spellcasting
  5356 | D:4      | Reached XP level 7. HP: 39/45 MP: 0/0
  5356 | D:4      | Learned a level 3 spell: Stone Arrow
  6002 | D:5      | Entered Level 5 of the Dungeon
  6793 | D:6      | Reached skill level 7 in Spellcasting
  6875 | D:6      | Reached XP level 8. HP: 26/50 MP: 0/0
  7376 | D:6      | Found a blossoming altar of Fedhas.
  7462 | D:6      | Reached skill level 8 in Spellcasting
  7725 | D:6      | Found a large runed translucent door.
  7725 | D:6      | Found a large runed translucent door.
  7736 | D:6      | Noticed a yak
  7736 | D:6      | Noticed a two-headed ogre
  7804 | D:6      | Found a large runed translucent door.
  7804 | D:6      | Found a large runed translucent door.
  8218 | D:6      | Reached skill level 9 in Spellcasting
  8218 | D:6      | Reached XP level 9. HP: 33/56 MP: 0/0
  8218 | D:6      | Learned a level 4 spell: Cause Fear
  8361 | D:6      | Reached skill level 1 in Fighting
  8553 | D:6      | Identified the Compendium of Curses
  8593 | D:6      | Killed a two-headed ogre
  8602 | D:6      | Reached skill level 10 in Spellcasting
  9236 | D:7      | Found a hide-covered altar of Uskayaw.
  9699 | D:7      | Found a snail-covered altar of Cheibriados.
  9850 | D:7      | Found a staircase to the Ecumenical Temple.
  9970 | D:7      | Found a bloodstained altar of Trog.
  9970 | D:7      | Found a glowing silver altar of Zin.
 10261 | D:7      | Found a burning altar of Makhleb.
 10502 | Temple   | Entered the Ecumenical Temple
 10670 | Temple   | Became a worshipper of Ru the Awakened
 10755 | D:8      | Noticed a cyclops
 10759 | D:8      | Killed a cyclops
 10760 | D:8      | Reached skill level 1 in Short Blades
 10760 | D:8      | Reached skill level 1 in Evocations
 10760 | D:8      | Reached XP level 10. HP: 49/65 MP: 0/0
 11437 | D:8      | Found a staircase to the Lair.
 12551 | D:9      | Found a broken altar of Ashenzari.
 12551 | D:9      | Found an opulent altar of Gozag.
 12552 | D:9      | Found a white marble altar of Elyvilon.
 12653 | D:9      | Reached skill level 11 in Spellcasting
 13197 | D:10     | Entered Level 10 of the Dungeon
 13232 | D:10     | Noticed a two-headed ogre
 13237 | D:10     | Killed a two-headed ogre
 13615 | D:10     | Noticed a boulder beetle
 13623 | D:10     | Killed a boulder beetle
 13624 | D:10     | Reached skill level 5 in Stealth
 13960 | D:10     | Reached XP level 11. HP: 48/71 MP: 0/0
 13960 | D:10     | Learned a level 4 spell: Petrify
 13962 | D:10     | Reached skill level 12 in Spellcasting
 14506 | D:10     | Found a staircase to the Orcish Mines.
 15169 | D:11     | Noticed an eight-headed hydra
 15178 | D:11     | Killed an eight-headed hydra
 16199 | D:12     | Noticed a two-headed ogre
 16203 | D:12     | Killed a two-headed ogre
 16571 | D:12     | Noticed a two-headed ogre
 16573 | D:12     | Killed a two-headed ogre
 16675 | D:12     | Reached skill level 5 in Dodging
 16683 | D:12     | Reached skill level 5 in Evocations
 16685 | D:12     | Noticed a manticore
 16697 | D:12     | Mangled by a manticore

Illustrated notes

Levels and vault maps discovered:
D:1:      minmay_arrival_jagged, layout_basic, chequers_ecumenical_altar_island,
          lemuel_old_faithful
D:2:      layout_basic
D:3:      layout_loops_ring, marbit_many_paths, grunt_decor_clamped,
          supply_closet_lemuel
D:4:      layout_loops_ring
D:5:      layout_rooms
D:6:      minmay_evil_eye, layout_cave_pools, amcnicky_altar_gilded,
          minmay_hollow_rounded_squares
D:7:      layout_basic, grunt_temple_overflow_lords_of_destruction,
          old_standard_altar, gammafunk_temple_overflow_elements, slow_altar_1,
          minmay_temple_entry_statues
D:8:      layout_gridville, lair_entry_dummy
D:9:      layout_gridville, gammafunk_temple_overflow_claw
D:10:     layout_loops_corners, lemuel_zombie_altar_kikubaaqudgha, orc_0_dummy
D:11:     layout_roguey, serial_glass, glass_columns_a, glass_columns_a
D:12:     layout_loops_ring, hangedman_abyss_or_decor_slice
Temple:   jpeg_temple_alley_garden

Skill      XL: |  1  2  3  4  5  6  7  8  9 10 11 |
---------------+----------------------------------+-----
Spellcasting   | 3 4 5 6 7 9 10 11 12 | 12.9
Stealth        | 2 3 4 5 |  5.3
Dodging        | 3 4 5 |  5.0
Fighting       | 2 3 |  3.3
Short Blades   | 1 2 |  2.3
Evocations     | 1 3 5 |  5.1

Action                   |  1- 3 |  4- 6 |  7- 9 | 10-12 || total
-------------------------+-------+-------+-------+-------++-------
Melee: Dagger            |       |       |    20 |    29 ||    49
 Cast: Foxfire           |   121 |    98 |   141 |       ||   360
       Sticky Flame      |       |     2 |    16 |    20 ||    38
       Fireball          |       |       |    27 |   107 ||   134
       Summon Small Mamm |       |       |     7 |       ||     7
  Use: Scroll            |       |     5 |     3 |     6 ||    14
       Potion            |       |       |     1 |     7 ||     8
 Stab: Sleeping          |       |       |     1 |       ||     1
Armor: Robe              |     5 |     1 |     8 |     1 ||    15
       Steam dragon scal |       |       |       |    27 ||    27
Dodge: Dodged            |    10 |    17 |    25 |    56 ||   108

Table legend: (Time is in decaauts)
 A = Elapsed time spent in this place.
 B = Non-inter-level travel time spent in this place.
 C = Inter-level travel time spent in this place.
 D = Time resting spent in this place.
 E = Time spent auto-exploring this place.
 F = Levels seen in this place.
 G = Mean time per level.
                   A        B        C        D        E       F      G
               +--------+--------+--------+--------+--------+-----+--------+
         Total |  16690 |  16180 |    510 |   2044 |  12800 |  13 | 1283.8 |
       Dungeon |  16488 |  16011 |    477 |   2044 |  12650 |  12 | 1374.0 |
        Temple |    201 |    168 |     33 |      0 |    150 |   1 |  201.0 |
               +--------+--------+--------+--------+--------+-----+--------+

Top non-repeatable levels by time:
     D:6: 2262 daAuts
     D:3: 1794 daAuts
    D:10: 1714 daAuts
     D:1: 1698 daAuts
     D:7: 1609 daAuts
    D:11: 1564 daAuts
     D:9: 1479 daAuts
     D:4: 1309 daAuts
     D:2: 1198 daAuts
     D:8: 982 daAuts
     D:5: 655 daAuts
    D:12: 219 daAuts
  Temple: 201 daAuts
